 Dungeon Crawl Stone Soup version 0.24.0-37-gcf1ca852f1 (webtiles) character file.

Game seed: 5814909164122804984, levelgen mode: deterministic

309 Delamore the Cleaver (level 6, -5/51 HPs)
             Began as a Hill Orc Fighter on Nov 23, 2019.
             Slain by a sky beast (6 damage)
             ... on level 5 of the Dungeon.
             The game lasted 00:04:19 (3160 turns).

Delamore the Cleaver (Hill Orc Fighter)             Turns: 3160, Time: 00:04:20

Health: -5/51      AC:  9    Str: 21    XL:     6   Next: 41%
Magic:  6/6        EV:  9    Int: 10    God:
Gold:   253        SH:  0    Dex: 10    Spells: 5/5 levels left

rFire    . . .     SeeInvis .   a - +0 war axe
rCold    . . .     Gourm    .   (no shield)
rNeg     . . .     Faith    .   b - +0 scale mail
rPois    .         Spirit   .   (no helmet)
rElec    .         Reflect  .   j - +0 cloak
rCorr    .         Harm     .   s - +0 pair of gloves
MR       +....                  (no boots)
Stlth    ..........             q - amulet of the acrobat
HPRegen  0.17/turn              i - ring of protection from magic
MPRegen  0.10/turn              l - +2 ring of intelligence

@: no status effects
A: no striking features
a: no special abilities


You were on level 5 of the Dungeon.
You were not hungry.

You visited 1 branch of the dungeon, and saw 5 of its levels.

You collected 253 gold pieces.

Inventory:

Hand Weapons
 a - a +0 war axe (weapon)
Armour
 b - a +0 scale mail (worn)
 c - a +0 shield
 j - a +0 cloak (worn)
 s - a +0 pair of gloves (worn)
Jewellery
 i - a ring of protection from magic (left hand)
 l - a +2 ring of intelligence (right hand)
 q - an amulet of the acrobat (around neck)
Scrolls
 e - a scroll of amnesia {unknown}
 h - 5 scrolls of identify {unknown}
 n - 3 scrolls of remove curse {unknown}
 o - a scroll of enchant weapon {unknown}
 p - a scroll of teleportation {unknown}
 r - a scroll of enchant armour {unknown}
 t - a scroll of fear {unknown}
 u - a scroll of immolation {unknown}
 v - 3 scrolls of fog {unknown}
Potions
 d - a potion of might
 g - a potion of brilliance {unknown}
 k - a potion of curing {unknown}
 m - a potion of heal wounds {unknown}
Comestibles
 f - 11 rations
 w - 4 chunks of flesh


   Skills:
 - Level 3.6 Fighting
 + Level 8.7 Axes
 - Level 3.2 Armour
 - Level 3.2 Shields


You had 5 spell levels left.
You didn't know any spells.
Your spell library contained the following spells:

 Spells                   Type           Power        Failure   Level  Hunger
 Confusing Touch          Hex            #.....       71%         1    ##.....
 Confuse                  Hex            #.......     97%         3    ####...
 Gell's Gravitas          Tloc           #.........   97%         3    ####...
 Petrify                  Tmut/Erth      #.......     100%        4    #####..
 Metabolic Englaciation   Hex/Ice        #.........   100%        5    ######.
 Yara's Violent Unravell  Hex/Tmut       #.........   100%        5    ######.


Dungeon Overview and Level Annotations

Branches:
Dungeon (5/15)
 Temple: D:4-7

Altars:
Gozag

Shops:
D:3 *


Message History

Something hits you but does no damage.
You closely miss something. x2; Something hits you.
* * * LOW HITPOINT WARNING * * *
A sky beast appears from thin air!
Reactivating autopickup.
The sky beast hits you but does no damage.
You closely miss the sky beast.
The sky beast is almost dead.
You hit something. Something hits you.
* * * LOW HITPOINT WARNING * * *
Deactivating autopickup; reactivate with Ctrl-A.
The sky beast hits you but does no damage.
You closely miss the sky beast.
The sky beast is almost dead.
You miss something. Something hits you!
* * * LOW HITPOINT WARNING * * *
The sky beast hits you.
* * * LOW HITPOINT WARNING * * *
The sky beast shocks you.
You die...

###
#<##
#@.#
#Y..#
##.##
.# ##


You could see a sky beast.

Vanquished Creatures
  A howler monkey (D:4)
  A hound (D:4)
  An iguana (D:4)
  An orc wizard (D:4)
  A worker ant (D:2)
  3 adders
  7 gnolls
  2 worms
  A dart slug (D:1)
  A leopard gecko (D:3)
  4 orcs
  7 bats
  7 giant cockroaches
  8 goblins
  3 hobgoblins
  5 jackals
  5 kobolds
  A quokka (D:4)
  A ball python (D:2)
  A frilled lizard (D:1)
  3 rats
64 creatures vanquished.

Notes
Turn   | Place    | Note
-------+----------+-------------------------------------------
     0 | D:1      | Delamore the Hill Orc Fighter began the quest for the Orb.
     0 | D:1      | Reached XP level 1. HP: 19/19 MP: 1/1
    46 | D:1      | Reached skill level 3 in Axes
    80 | D:1      | Reached XP level 2. HP: 18/26 MP: 2/2
   187 | D:1      | Reached skill level 4 in Axes
   255 | D:1      | You fall into a shaft and drop 1 floor!
   394 | D:1      | Reached XP level 3. HP: 31/31 MP: 3/3
   745 | D:2      | Reached skill level 5 in Axes
   757 | D:2      | Reached XP level 4. HP: 30/39 MP: 4/4
  1335 | D:3      | Reached skill level 6 in Axes
  1560 | D:3      | Found Gozag's Platinum Reserve.
  1658 | D:3      | Reached XP level 5. HP: 30/45 MP: 5/5
  1883 | D:3      | Found an opulent altar of Gozag.
  2365 | D:4      | Got a bloodstained quarterstaff
  2371 | D:4      | Identified the +0 quarterstaff "Ezisoc" {crush, rElec rC-
                  | SInv} (You found it on level 4 of the Dungeon)
  2386 | D:4      | Reached skill level 7 in Axes
  2458 | D:4      | Reached skill level 8 in Axes
  2458 | D:4      | Reached XP level 6. HP: 24/51 MP: 6/6
  3148 | D:5      | Entered Level 5 of the Dungeon
  3148 | D:5      | Noticed a sky beast
  3160 | D:5      | HP: 1/51 [sky beast (4)]
  3160 | D:5      | Slain by a sky beast

Levels and vault maps discovered:
D:1:      dpeg_arrival_concentric_ovals, layout_loops_ring,
          corexii_item_surrounded_by_moat
D:2:      layout_basic
D:3:      layout_loops_ring, nicolae_gozag_zags_fifth_avenue
D:4:      layout_rooms, first_ration
D:5:      layout_basic

Skill      XL: |  1  2  3  4  5 |
---------------+----------------+-----
Axes           | 3 4 5 6 8 |  8.7
Fighting       | |  3.6
Armour         | |  3.2
Shields        | |  3.2

Action                   |  1- 3 |  4- 6 || total
-------------------------+-------+-------++-------
Melee: War axe           |    77 |   160 ||   237
  Eat: Chunk             |       |     7 ||     7
Armor: Scale mail        |    35 |   107 ||   142
Dodge: Dodged            |    28 |    55 ||    83
Block: Shield            |    58 |    37 ||    95
